 Dungeon Crawl Stone Soup version 0.29.1-2-gbd0b4ee654 (webtiles) character file.

Game seed: 6225964838633543528

2945 Labrat the Destroyer (level 9, -3/74 HPs)
             Began as a Demigod Conjurer on Sept 21, 2022.
             Killed from afar by a gargoyle (29 damage)
             ... with a stone arrow
             ... on level 7 of the Dungeon on Nov 16, 2022.
             The game lasted 00:15:44 (9423 turns).

Labrat the Destroyer (Demigod Conjurer)             Turns: 9423, Time: 00:15:44

Health: -3/74      AC:  3    Str:  8    XL:     9   Next: 27%
Magic:  27/34      EV: 12    Int: 30    God:
Gold:   372        SH:  0    Dex: 12    Spells: 17/24 levels left

rFire   . . .      SeeInvis +   y - +9 hand axe "Wuaq" {drain, rC+ rN++ Int-2 SInv}
rCold   + . .      Faith    .   (no shield)
rNeg    + + .      Spirit   .   a - +0 robe
rPois   .          Reflect  .   (no helmet)
rElec   .          Harm     .   D - +0 cloak
rCorr   .          Rampage  .   (no gloves)
Will    .....                   (no boots)
Stlth   ++........              d - amulet of magic regeneration
HPRegen 0.22/turn               n - ring of magical power
MPRegen 0.64/turn               A - ring of wizardry

@: no status effects
A: high MP 1, forlorn, divine attributes
a: no special abilities


You were on level 7 of the Dungeon.
You visited 2 branches of the dungeon, and saw 9 of its levels.

You collected 372 gold pieces.

Inventory:

Hand Weapons
 y - the +9 hand axe "Wuaq" (weapon) {drain, rC+ rN++ Int-2 SInv}
   (You found it on level 4 of the Dungeon)

   A truly terrible weapon, it drains the life of any living foe it strikes.
   Int:       It affects your intelligence (-2).
   rC:        It protects you from cold.
   rN:        It greatly protects you from negative energy.
   SInv:      It lets you see invisible.
Missiles
 h - 10 poisoned darts
 I - 6 javelins
Armour
 a - a +0 robe (worn)
 D - a +0 cloak (worn)
Jewellery
 d - an amulet of magic regeneration (around neck)
 e - a ring of ice
 n - a ring of magical power (left hand)
 z - a ring of ice
 A - a ring of wizardry (right hand)
 G - a ring of fire
Wands
 q - a wand of iceblast (5)
 t - a wand of flame (43)
 B - a wand of paralysis (5)
Scrolls
 g - 3 scrolls of vulnerability
 j - 2 scrolls of fear
 k - a scroll of immolation
 o - 6 scrolls of butterflies
 p - 5 scrolls of teleportation
 u - a scroll of magic mapping
 w - 2 scrolls of blinking
 x - 2 scrolls of enchant weapon
 C - a scroll of torment {unknown}
 E - a scroll of enchant armour {unknown}
 F - a scroll of silence {unknown}
 H - 2 scrolls of summoning {unknown}
Potions
 b - a potion of magic
 c - 5 potions of heal wounds
 f - a potion of invisibility {unknown}
 i - 2 potions of might {unknown}
 l - 3 potions of curing
 m - 2 potions of flight
 r - 2 potions of brilliance {unknown}
 v - a potion of degeneration {unknown}


   Skills:
 - Level 5.0 Fighting
 - Level 1.7 Dodging
 - Level 1.7 Stealth
 + Level 8.0 Spellcasting
 + Level 8.0 Conjurations
 + Level 0.1 Evocations


You had 17 spell levels left.
You knew the following spells:

 Your Spells              Type           Power      Damage    Failure   Level
a - Magic Dart            Conj           100%       1d8       1%          1
b - Searing Ray           Conj           100%       2d8       1%          2
c - Iskenderun's Mystic   Conj/Tloc      36%        2d9       3%          4

Your spell library contained the following spells:

 Spells                   Type           Power      Damage    Failure   Level
 Slow                     Hex            48%        N/A       1%          1
 Dazzling Flash           Conj/Hex       72%        N/A       1%          3
 Blink                    Tloc           24%        N/A       2%          2
 Fulminant Prism          Conj/Hex       18%        3d11      3%          4
 Confusing Touch          Hex            12%        N/A       5%          3
 Lesser Beckoning         Tloc           12%        N/A       5%          3
 Summon Guardian Golem    Hex/Summ       12%        N/A       5%          3
 Vampiric Draining        Necr           12%        2d6       5%          3
 Animate Dead             Necr           12%        N/A       16%         4
 Manifold Assault         Tloc           12%        N/A       41%         5
 Orb of Destruction       Conj           28%        9d9       45%         7
 Spellforged Servitor     Conj/Summ      18%        N/A       93%         7
 Haunt                    Necr/Summ      6%         N/A       100%        7
 Infestation              Necr           6%         N/A       100%        8


Dungeon Overview and Level Annotations

Branches:
Dungeon (8/15)             Temple (1/1) D:6
   Lair: D:8-11

Shops:
D:1 =   D:7 *

Annotations:
D:4 2 transporters, PanSaczeczos's ghost, novice DrBr


Innate Abilities, Weirdness & Mutations

You have an increased reservoir of magic. (+10% MP)
You shall have no god before yourself.
Your divine heritage dramatically boosts your attributes as you level up.


Message History

The searing ray hits the gargoyle but does no damage.
The gargoyle is moderately damaged.
The centaur shoots an arrow.
The arrow hits you.
The searing ray hits the gargoyle but does no damage.
The gargoyle is moderately damaged.
You finish channelling your searing ray.
The centaur shoots an arrow.
The arrow hits you! The gargoyle hits you with a +0 flail!
The centaur shoots an arrow.
The arrow barely misses you.
Casting: Searing Ray (safe; 1% risk of failure)
Confirm with . or Enter, or press ? or * to list all spells.
Okay, then.
The centaur shoots an arrow.
The arrow hits you! The gargoyle misses you.
You climb upwards.
There is a stone staircase leading down here.
Unknown command.
Casting: Searing Ray (safe; 1% risk of failure)
Confirm with . or Enter, or press ? or * to list all spells.
You erupt in a blast of force!
The mystic blast hits the gargoyle.
The gargoyle is moderately damaged.
The gargoyle is knocked back by the mystic blast.
Casting: Iskenderun's Mystic Blast (dangerous; 3% risk of failure)
Confirm with . or Enter, or press ? or * to list all spells.
You erupt in a blast of force!
The mystic blast hits the gargoyle.
The gargoyle is moderately damaged.
The gargoyle is knocked back by the mystic blast.
Unknown command.
You start resting.
A gargoyle is nearby!
Casting: Iskenderun's Mystic Blast (dangerous; 3% risk of failure)
Confirm with . or Enter, or press ? or * to list all spells.
Aiming: Searing Ray (safe; 1% risk of failure)
Press: ? - help, Shift-Dir - straight line, f - gargoyle
Aim: a gargoyle, wielding a +0 flail (moderately damaged, 92% to hit)
The searing ray hits the gargoyle.
The gargoyle is heavily damaged. (Press . to maintain the ray.)
The gargoyle hurls a stone arrow at you.
The stone arrow hits you!!
You die...

#### ...## #...# ###.# ######
....# #..... ###'#######
######### #.....
##........#######.......####.....
..........+.....@.....#.#........
##........####.>#.###.#.#........
....<###........#.# #.#.#........
########.#.....9..###.#.#######..
# #......).....#...#.# #..... #
#.#..........#.###.# #.#.#. #
#.#..............#.# #.#... #
#.#'#.......#.##.#.# #.#._.
#................#.# #.#...


You could see a gargoyle.

Vanquished Creatures
  Prince Ribbit (D:7)
  A shadow (D:6)
  2 wyverns (D:8)
  3 yaks (D:8)
  A black bear (D:6)
  An ice beast (D:7)
  3 centaurs (D:7)
  A phantom (D:5)
  A bullfrog (D:7)
  A gnoll sergeant (D:7)
  2 scorpions
  A necrophage (D:5)
  5 wights (D:5)
  3 killer bees
  A howler monkey (D:5)
  3 hounds (D:6)
  4 jellies
  2 orc priests
  Ijyb (D:3)
  2 iguanas (D:4)
  2 orc wizards
  9 gnolls
  6 adders
  A shadow imp (D:7)
  3 white imps
  An ufetubus (D:4)
  A worm (D:2)
  A dart slug (D:1)
  15 orcs
  7 endoplasms
  6 goblins
  6 hobgoblins
  4 jackals (D:4)
  3 quokkas
  6 ball pythons
  6 bats
  2 frilled lizards
  4 kobolds
  6 rats
128 creatures vanquished.

Notes
Turn   | Place    | Note
-------+----------+-------------------------------------------
     0 | D:1      | Labrat the Demigod Conjurer began the quest for the Orb.
     0 | D:1      | Reached XP level 1. HP: 14/14 MP: 5/5
   527 | D:1      | Found Muxouleh's Jewellery Emporium.
   529 | D:1      | Reached XP level 2. HP: 20/20 MP: 5/7
   606 | D:1      | Learned a level 2 spell: Searing Ray
   996 | D:2      | Reached XP level 3. HP: 23/26 MP: 3/9
  2405 | D:3      | Noticed Ijyb
  2411 | D:3      | Killed Ijyb
  2412 | D:3      | Reached XP level 4. HP: 3/33 MP: 11/11
  3517 | D:4      | Reached skill level 5 in Conjurations
  3517 | D:4      | Reached XP level 5. HP: 38/38 MP: 13/13
  3677 | D:4      | Found a transporter.
  3678 | D:4      | Identified the +6 giant spiked club "Meusom" {freeze,
                  | *Corrode rF+ rN+}
  3678 | D:4      | Noticed an ogre
  3678 | D:4      | Noticed PanSaczeczos's ghost (novice DrBr)
  3679 | D:4      | Found a transporter.
  3694 | D:4      | Identified the +9 hand axe "Wuaq" {drain, rC+ rN++ Int-2
                  | SInv}
  4156 | D:4      | Reached XP level 6. HP: 45/45 MP: 15/15
  4355 | D:4      | Learned a level 4 spell: Iskenderun's Mystic Blast
  4489 | D:5      | Entered Level 5 of the Dungeon
  4891 | D:5      | Reached XP level 7. HP: 50/50 MP: 17/17
  5120 | D:5      | Reached skill level 5 in Spellcasting
  5969 | D:6      | Found a staircase to the Ecumenical Temple.
  5976 | Temple   | Entered the Ecumenical Temple
  6145 | D:6      | Noticed a shadow
  6154 | D:6      | Killed a shadow
  6362 | D:6      | Reached XP level 8. HP: 57/57 MP: 19/20
  7146 | D:7      | Found Lonynt's Overcharged Wands.
  8517 | D:7      | Noticed Prince Ribbit
  8529 | D:7      | Killed Prince Ribbit
  8955 | D:8      | Reached skill level 1 in Fighting
  8958 | D:8      | Reached XP level 9. HP: 53/68 MP: 9/25
  9255 | D:8      | Noticed a gargoyle
  9260 | D:8      | Noticed a red ugly thing
  9265 | D:7      | Reached skill level 5 in Fighting
  9341 | D:7      | Upgraded the game from 0.29.1-1-gd02db6906a to
                  | 0.29.1-2-gbd0b4ee654
  9423 | D:7      | Killed from afar by a gargoyle

Illustrated notes

Levels and vault maps discovered:
D:1:      erik_arrival_blinker_ship, layout_loops_ring,
          hellmonk_ecumenical_altar_crossroads, serial_shops,
          nicolae_lakefront_shop, grunt_decor_clamped, minmay_misc_feat_pillars
D:2:      layout_loops_ring
D:3:      layout_basic, small_statue_intersection, minivault_11,
          guppyfry_early_orc_mine, uniq_ijyb
D:4:      layout_gridville, gammafunk_ghost_smash,
          chequers_serial_rivers_micro_b
D:5:      layout_layer_cave, hangedman_abyss_or_decor_stabs
D:6:      mumra_celtic_spiral_tile, layout_basic, mainiacjoe_overflow_brackets,
          minmay_temple_entry_proselytizer
D:7:      layout_basic, mainiacjoe_overflow_tiny_flanked,
          gammafunk_temple_overflow_wave, nicolae_shop_overcharged_wands,
          uniq_prince_ribbit1
D:8:      layout_cave_pools
Temple:   dpeg_five_rooms_temple

Skill      XL: |  1  2  3  4  5  6  7  8  9 |
---------------+----------------------------+-----
Spellcasting   | 2 3 4 6 8 |  8.0
Conjurations   | 4 5 6 7 8 |  8.0
Fighting       | 2 5 |  5.0
Dodging        | |  1.7
Stealth        | |  1.7
Evocations     | |  0.1

Action                   |  1- 3 |  4- 6 |  7- 9 || total
-------------------------+-------+-------+-------++-------
Melee: War axe           |       |     7 |    26 ||    33
 Cast: Magic Dart        |   106 |    61 |    48 ||   215
       Searing Ray       |     3 |    11 |    25 ||    39
       Iskenderun's Myst |       |       |    17 ||    17
  Use: Scroll            |       |       |    12 ||    12
 Stab: Sleeping          |       |       |     2 ||     2
Armor: Robe              |     1 |     1 |    21 ||    23
Dodge: Dodged            |    13 |    10 |    71 ||    94
